 Dungeon Crawl Stone Soup version 0.26-a0-660-gc07710193c (webtiles) character file.

Game seed: 17848007652168536441

17770 Gargoyl the Fighter (level 12, -3/97 HPs)
             Began as a Gnoll Abyssal Knight on Oct 8, 2020.
             Was a High Priest of Lugonu.
             Slain by Roikka's ghost (16 damage)
             ... on level 12 of the Dungeon.
             The game lasted 00:24:21 (17233 turns).

Gargoyl the Fighter (Gnoll Abyssal Knight)         Turns: 17233, Time: 00:24:22

Health: -3/97      AC: 17    Str: 20    XL:     12   Next: 51%
Magic:  23/23      EV: 14    Int: 15    God:    Lugonu [*****.]
Gold:   273        SH:  0    Dex: 14    Spells: 25/25 levels left

rFire    + + .     SeeInvis +   c - +1 triple sword (elec)
rCold    x . .     Faith    .   (shield currently unavailable)
rNeg     . . .     Spirit   .   D - +0 fire dragon scales
rPois    .         Reflect  .   B - +2 helmet {SInv}
rElec    .         Harm     .   j - +0 cloak
rCorr    .         Rampage  .   (no gloves)
MR       .....                  k - +0 pair of boots
Stlth    ++........             (no amulet)
HPRegen  0.26/turn              (no ring)
MPRegen  0.18/turn              (no ring)

@: lethally poisoned (-3 -> -46), slowed, very slow
A: distributed training, fangs 1, strong nose
a: Depart the Abyss, Bend Space, Banish, Corrupt, Enter the Abyss, Renounce
Religion


You were on level 12 of the Dungeon.
You worshipped Lugonu.
Lugonu was extremely pleased with you.
You visited 1 branch of the dungeon, and saw 12 of its levels.
You visited the Abyss 1 time.
You also visited: Sewer.

You collected 1105 gold pieces.
You spent 832 gold pieces at shops.

Inventory:

Hand Weapons
 a - a +2 hand axe
 c - a +1 triple sword of electrocution (weapon)
 g - a +2 war axe
 m - the +4 hand axe of Valuable Assets {vamp, rC- Int+7 Stlth+}
   (You found it on level 5 of the Dungeon)

   It inflicts no extra harm, but heals its wielder when it wounds a living foe.
   It affects your intelligence (+7).
   It makes you vulnerable to cold.
   It makes you more stealthy.
 s - a +3 trident of venom
Missiles
 i - 6 silver boomerangs
 u - 71 poisoned darts (quivered)
Armour
 j - a +0 cloak (worn)
 k - a +0 pair of boots (worn)
 x - a +0 chain mail
 B - a +2 helmet of see invisible (worn)
 D - +0 fire dragon scales (worn)
Jewellery
 y - an uncursed amulet of inaccuracy
Wands
 o - a wand of paralysis (21)
 p - a wand of acid (7)
 C - a wand of polymorph (4)
Scrolls
 d - 12 scrolls of remove curse
 e - 8 scrolls of identify
 n - 3 scrolls of teleportation
 w - 2 scrolls of blinking
 E - a scroll of magic mapping
 F - a scroll of fear
Potions
 b - 3 potions of brilliance
 f - a potion of resistance
 h - 3 potions of degeneration
 l - 2 potions of might
 q - 5 potions of invisibility
 r - 3 potions of mutation
 t - 3 potions of magic
 v - a potion of flight
 z - a potion of cancellation
 A - a potion of haste
 G - a potion of heal wounds


   Skills:
 + Level 9.9 Fighting
 + Level 7.3 Short Blades
 + Level 7.3 Long Blades
 + Level 8.7 Axes
 + Level 7.3 Maces & Flails
 + Level 7.3 Polearms
 + Level 7.3 Staves
 + Level 7.3 Slings
 + Level 7.3 Bows
 + Level 7.3 Crossbows
 + Level 7.3 Throwing
 + Level 8.7 Armour
 + Level 7.8 Dodging
 + Level 7.3 Stealth
 + Level 7.3 Shields
 + Level 7.3 Unarmed Combat
 + Level 7.3 Spellcasting
 + Level 6.1 Conjurations
 + Level 6.1 Hexes
 + Level 6.1 Summonings
 + Level 6.1 Necromancy
 + Level 6.1 Translocations
 + Level 6.1 Transmutations
 + Level 6.1 Fire Magic
 + Level 6.1 Ice Magic
 + Level 6.1 Air Magic
 + Level 6.1 Earth Magic
 + Level 6.1 Poison Magic
 + Level 9.3 Invocations
 + Level 7.3 Evocations


You had 25 spell levels left.
You didn't know any spells.
Your spell library contained the following spells:

 Spells                   Type           Power        Failure   Level
 Animate Skeleton         Necr           ###...       3%          1
 Apportation              Tloc           ###...       3%          1
 Corona                   Hex            ###....      3%          1
 Summon Small Mammal      Summ           ###.         3%          1


Dungeon Overview and Level Annotations

Branches:
Dungeon (12/15)            Temple (0/1) D:7            Lair (0/6) D:11
  Sewer (visited)
    Orc: D:9-12

Altars:
Cheibriados
Dithmenos
Gozag
Hepliaklqana
Nemelex Xobeh
Ru
Sif Muna
Trog
Vehumet
Xom
Yredelemnul
The Shining One

Shops:
D:4 [   D:10 *

Annotations:
D:12 Roikka's ghost, journeyman HOMo; Teham's ghost, journeyman GnAM


Innate Abilities, Weirdness & Mutations

Your experience applies equally to all skills.
You have very sharp teeth.
Your uncanny sense of smell can sniff out nearby items.


Message History

Roikka's ghost hits you but does no damage.
Roikka's ghost hits you!
Unknown command.
You slash Roikka's ghost!
Lightning courses through Roikka's ghost!
You bite Roikka's ghost, but do no damage.
Roikka's ghost is moderately damaged.
You feel extremely sick.
Teham's ghost waves its arms in wide circles.
The air twists around and strikes you. Roikka's ghost misses you.
Roikka's ghost hits you but does no damage.
You hit Roikka's ghost but do no damage.
You bite Roikka's ghost, but do no damage.
Roikka's ghost is moderately damaged.
You feel very sick. Roikka's ghost hits you!
* * * LOW HITPOINT WARNING * * *
You are more poisoned.
Roikka's ghost hits you!
You die...

?.....#......#
#8....#.(....#
##[P⌠P#......#
######......#
#........#
#...W....#
####.##### #W#
#@## #..#
####'###
#......#
#......#
########......#
#......'......#
#.######......#
#......#


You could see Roikka's ghost and Teham's ghost.

Vanquished Creatures
  Erica (D:9)
  2 two-headed ogres
  A wretched star (Abyss:2)
  An ugly thing (D:11)
  A manticore (D:11)
  A cyclops (D:12)
  A centaur zombie (D:11)
  2 gargoyles
  A komodo dragon (D:9)
  Sigmund (D:6)
  2 wraiths
  A wyvern (D:12)
  A vampire (D:11)
  18 yaks
  A water moccasin (D:10)
  Purgy (Sewer)
  6 orc warriors
  2 ice beasts
  5 phantoms
  3 sky beasts
  A black bear (D:5)
  An eye of draining (D:11)
  8 ogres
  8 centaurs
  4 bullfrogs
  A gnoll sergeant (D:6)
  A wyvern skeleton (D:7)
  9 scorpions
  A water moccasin skeleton (D:7)
  23 killer bees
  7 wights
  3 jellies (D:10)
  6 hounds
  A centaur skeleton (D:6)
  7 orc priests
  3 bullfrog skeletons
  A bullfrog zombie (D:7)
  An iguana (shapeshifter) (D:9)
  Jessica (D:5)
  3 iguanas
  11 orc wizards
  16 worker ants
  A worker ant zombie (D:6)
  15 gnolls
  A howler monkey skeleton (D:6)
  16 adders
  A hound simulacrum (D:9)
  5 shadow imps
  3 white imps
  2 ufetubi (D:4)
  An ooze (D:3)
  2 adder skeletons
  6 worms
  4 dart slugs
  14 leopard geckos
  49 orcs
  11 giant cockroaches
  8 goblins
  3 hobgoblins
  13 jackals
  3 quokkas
  A ball python (D:4)
  17 bats
  10 frilled lizards
  A jackal skeleton (D:4)
  8 kobolds
  A quokka zombie (D:7)
  8 rats
373 creatures vanquished.

Vanquished Creatures (others)
  2 fungi (D:10)
  4 plants (D:11)
  A withered plant (D:12)
7 creatures vanquished.

Grand Total: 380 creatures vanquished

Notes
Turn   | Place    | Note
-------+----------+-------------------------------------------
     0 | Abyss:1  | Gargoyl the Gnoll Abyssal Knight began the quest for the
                  | Orb.
     0 | Abyss:1  | Reached XP level 1. HP: 23/23 MP: 3/3
    45 | Abyss:2  | Noticed a wretched star
    51 | Abyss:2  | Killed a wretched star
    51 | Abyss:2  | Reached skill level 5 in Axes
    51 | Abyss:2  | Reached skill level 5 in Armour
    51 | Abyss:2  | Reached skill level 5 in Invocations
    51 | Abyss:2  | Reached XP level 2. HP: 21/24 MP: 3/5
    51 | Abyss:2  | Reached XP level 3. HP: 25/28 MP: 4/7
    51 | Abyss:2  | Reached XP level 4. HP: 31/34 MP: 4/8
    51 | Abyss:2  | Reached XP level 5. HP: 34/38 MP: 4/9
    51 | Abyss:2  | Reached XP level 6. HP: 40/44 MP: 4/10
    51 | Abyss:2  | Reached XP level 7. HP: 43/48 MP: 4/11
    97 | Abyss:2  | Noticed a wraith
   103 | Abyss:2  | Killed a wraith
   135 | Abyss:2  | Noticed a sixfirhy
   136 | D:1      | Escaped the Abyss
   327 | D:1      | Reached * piety under Lugonu
  1566 | D:3      | Reached XP level 8. HP: 41/67 MP: 12/12
  1811 | D:3      | Found a glowing drain.
  1814 | D:3      | Reached ** piety under Lugonu
  1845 | Sewer    | Entered a sewer
  1981 | Sewer    | Noticed Purgy
  1996 | Sewer    | Killed Purgy
  2582 | D:3      | Found a sparkling altar of Nemelex Xobeh.
  2935 | D:4      | Reached *** piety under Lugonu
  3438 | D:4      | Got a fine pewter ring
  3948 | D:4      | Found a sacrificial altar of Ru.
  4267 | D:4      | Found Tidwoh Zera's Armour Emporium.
  4271 | D:4      | Identified the ring "Suampoe" {*Tele *Contam *Corrode rF+++
                  | rC++} (You found it on level 4 of the Dungeon)
  4307 | D:5      | Entered Level 5 of the Dungeon
  4343 | D:4      | Reached XP level 9. HP: 13/72 MP: 14/14
  4654 | D:5      | Got a translucent hand axe
  4655 | D:5      | Identified the +4 hand axe of Valuable Assets {vamp, rC-
                  | Int+7 Stlth+} (You found it on level 5 of the Dungeon)
  4973 | D:5      | Found a snail-covered altar of Cheibriados.
  5108 | D:5      | Noticed Jessica
  5113 | D:5      | Found a shimmering blue altar of Sif Muna.
  5120 | D:5      | Killed Jessica
  5743 | D:6      | Reached **** piety under Lugonu
  5906 | D:6      | Found a hazy altar of Hepliaklqana.
  6030 | D:6      | Reached skill level 5 in Dodging
  6130 | D:6      | Noticed Sigmund
  6149 | D:6      | Killed Sigmund
  6265 | D:6      | Found a sparkling altar of Nemelex Xobeh.
  6735 | D:6      | Found a bloodstained altar of Trog.
  6920 | D:7      | Found a staircase to the Ecumenical Temple.
  7921 | D:8      | Reached XP level 10. HP: 14/80 MP: 12/17
  8716 | D:8      | Reached skill level 5 in Short Blades
  8716 | D:8      | Reached skill level 5 in Long Blades
  8716 | D:8      | Reached skill level 5 in Maces & Flails
  8716 | D:8      | Reached skill level 5 in Polearms
  8716 | D:8      | Reached skill level 5 in Staves
  8716 | D:8      | Reached skill level 5 in Slings
  8716 | D:8      | Reached skill level 5 in Bows
  8716 | D:8      | Reached skill level 5 in Crossbows
  8716 | D:8      | Reached skill level 5 in Throwing
  8716 | D:8      | Reached skill level 5 in Stealth
  8716 | D:8      | Reached skill level 5 in Shields
  8716 | D:8      | Reached skill level 5 in Unarmed Combat
  8716 | D:8      | Reached skill level 5 in Spellcasting
  8716 | D:8      | Reached skill level 5 in Evocations
  9011 | D:8      | Found a basalt altar of Yredelemnul.
  9012 | D:8      | Found a glowing golden altar of the Shining One.
  9014 | D:8      | Found a radiant altar of Vehumet.
  9024 | D:8      | Found a shimmering altar of Xom.
  9025 | D:8      | Found a shadowy altar of Dithmenos.
  9475 | D:9      | Noticed a two-headed ogre
  9901 | D:9      | Got an agate-encrusted chain mail
  9902 | D:9      | Identified the cursed +0 chain mail "Ideg" {rElec} (You
                  | found it on level 9 of the Dungeon)
  9912 | D:9      | Noticed a brown ugly thing
  9925 | D:9      | Banished a brown ugly thing
 10061 | D:9      | Noticed an eight-headed hydra
 10063 | D:9      | Banished an eight-headed hydra
 10842 | D:9      | Noticed a two-headed ogre
 10858 | D:9      | Killed a two-headed ogre
 10858 | D:9      | Reached XP level 11. HP: 30/87 MP: 19/19
 11100 | D:9      | Noticed Erica
 11119 | D:9      | Killed Erica
 11119 | D:9      | Reached skill level 5 in Conjurations
 11119 | D:9      | Reached skill level 5 in Hexes
 11119 | D:9      | Reached skill level 5 in Summonings
 11119 | D:9      | Reached skill level 5 in Necromancy
 11119 | D:9      | Reached skill level 5 in Translocations
 11119 | D:9      | Reached skill level 5 in Transmutations
 11119 | D:9      | Reached skill level 5 in Fire Magic
 11119 | D:9      | Reached skill level 5 in Ice Magic
 11119 | D:9      | Reached skill level 5 in Air Magic
 11119 | D:9      | Reached skill level 5 in Earth Magic
 11119 | D:9      | Reached skill level 5 in Poison Magic
 11612 | D:10     | Entered Level 10 of the Dungeon
 11909 | D:10     | Found a shadowy altar of Dithmenos.
 11946 | D:10     | Reached ***** piety under Lugonu
 13102 | D:10     | Found Humymoag's General Store.
 13382 | D:10     | Bought a scroll of acquirement for 832 gold pieces
 13382 | D:10     | Acquired a +1 triple sword of electrocution
 14691 | D:11     | Noticed a white ugly thing
 14697 | D:11     | Killed a white ugly thing
 14698 | D:11     | Noticed an oklob plant
 14701 | D:11     | Banished an oklob plant
 14955 | D:11     | Found a staircase to the Lair.
 15267 | D:11     | Found an opulent altar of Gozag.
 15291 | D:11     | Reached XP level 12. HP: 80/96 MP: 22/22
 15380 | D:11     | Noticed a two-headed ogre
 15397 | D:11     | Killed a two-headed ogre
 16019 | D:11     | Noticed a six-headed hydra
 16022 | D:11     | Banished a six-headed hydra
 16156 | D:11     | Found a shimmering blue altar of Sif Muna.
 17211 | D:12     | Found a runed translucent gate.
 17212 | D:12     | Found a runed translucent gate.
 17213 | D:12     | Found a runed translucent gate.
 17214 | D:12     | Noticed Roikka's ghost (journeyman HOMo)
 17214 | D:12     | Noticed Teham's ghost (journeyman GnAM)
 17233 | D:12     | Slain by Roikka's ghost

Illustrated notes

Levels and vault maps discovered:
D:1:      matt_arrival_grand_opening, layout_rooms
D:2:      layout_basic, serial_glass, glass_columns_b, glass_columns_b
D:3:      layout_basic, portal_sewer_entry_f, nemelex_dance_club_becter
D:4:      layout_loops_cross, nicolae_overflow_crystal_walls, serial_shops, shop
D:5:      layout_rooms, kennysheep_mini_moat, tgw_sif, minmay_chambers_of_fives
D:6:      layout_basic, nemelex_xobeh_ov_fountains_minmay,
          overflow_temple_1_default, bloody_trog, uniq_sigmund
D:7:      layout_cave_pools, minmay_temple_entry_offerings
D:8:      layout_loops_ring, grunt_temple_overflow_open
D:9:      hangedman_cross_veins, layout_basic, uniq_erica
D:10:     old_forge, layout_basic, serial_shops, kennysheep_little_box,
          nicolae_dithmenos_the_darkroom
D:11:     layout_roguey, dpeg_oklobed_lair, basic_altar,
          chequers_decorated_corner, hangedman_decor_clover_reticule,
          grunt_gozag_statues
D:12:     layout_roguey, erik_orc_1, gammafunk_ghost_cemetery,
          grunt_ministairs_9, minivault_13

Skill      XL: |  1  2  3  4  5  6  7  8  9 10 11 12 |
---------------+-------------------------------------+-----
Fighting       | 7 8 9 |  9.9
Short Blades   | 2 3 4 5 6 7 |  7.3
Long Blades    | 2 3 4 5 6 7 |  7.3
Axes           | 5 6 7 8 |  8.7
Maces & Flails | 2 3 4 5 6 7 |  7.3
Polearms       | 2 3 4 5 6 7 |  7.3
Staves         | 2 3 4 5 6 7 |  7.3
Slings         | 2 3 4 5 6 7 |  7.3
Bows           | 2 3 4 5 6 7 |  7.3
Crossbows      | 2 3 4 5 6 7 |  7.3
Throwing       | 2 3 4 5 6 7 |  7.3
Armour         | 5 6 7 8 |  8.7
Dodging        | 3 4 5 6 7 |  7.8
Stealth        | 2 3 4 5 6 7 |  7.3
Shields        | 2 3 4 5 6 7 |  7.3
Unarmed Combat | 2 3 4 5 6 7 |  7.3
Spellcasting   | 2 3 4 5 6 7 |  7.3
Conjurations   | 2 3 4 5 6 |  6.1
Hexes          | 2 3 4 5 6 |  6.1
Summonings     | 2 3 4 5 6 |  6.1
Necromancy     | 2 3 4 5 6 |  6.1
Translocations | 2 3 4 5 6 |  6.1
Transmutations | 2 3 4 5 6 |  6.1
Fire Magic     | 2 3 4 5 6 |  6.1
Ice Magic      | 2 3 4 5 6 |  6.1
Air Magic      | 2 3 4 5 6 |  6.1
Earth Magic    | 2 3 4 5 6 |  6.1
Poison Magic   | 2 3 4 5 6 |  6.1
Invocations    | 5 6 7 8 9 |  9.3
Evocations     | 2 3 4 5 6 7 |  7.3

Action                   |  1- 3 |  4- 6 |  7- 9 | 10-12 || total
-------------------------+-------+-------+-------+-------++-------
Melee: Hand axe          |       |       |   728 |   345 ||  1073
       Bite              |       |       |    70 |    95 ||   165
       Punch             |       |       |     9 |     7 ||    16
       Trident           |       |       |       |   145 ||   145
       Triple sword      |       |       |       |   233 ||   233
Throw: Boomerang         |       |       |     1 |     8 ||     9
       Dart              |       |       |       |   103 ||   103
Invok: Depart the Abyss  |       |       |     1 |       ||     1
       Banish            |       |       |     1 |     6 ||     7
       Bend Space        |       |       |     1 |       ||     1
Evoke: Wand              |     4 |       |     3 |       ||     7
  Use: Scroll            |     2 |       |    17 |     7 ||    26
       Potion            |       |       |     8 |     3 ||    11
 Stab: Distracted        |       |       |     1 |       ||     1
       Sleeping          |       |       |    11 |     2 ||    13
Armor: Ring mail         |       |       |   367 |    15 ||   382
       Leather armour    |       |       |    10 |       ||    10
       Chain mail        |       |       |       |   327 ||   327
       Skin              |       |       |       |    18 ||    18
       Fire dragon scale |       |       |       |    60 ||    60
Dodge: Dodged            |       |       |   684 |   454 ||  1138
       Rpst.: Triple sword |       |       |       |    65 ||    65

Table legend: (Time is in decaauts)
 A = Elapsed time spent in this place.
 B = Non-inter-level travel time spent in this place.
 C = Inter-level travel time spent in this place.
 D = Time resting spent in this place.
 E = Time spent auto-exploring this place.
 F = Levels seen in this place.
 G = Mean time per level.
                   A        B        C        D        E       F      G
               +--------+--------+--------+--------+--------+-----+--------+
         Total |  17382 |  17037 |    345 |   5370 |   8043 |  15 | 1158.8 |
       Dungeon |  16990 |  16645 |    345 |   5353 |   7777 |  12 | 1415.8 |
         Abyss |    139 |    139 |      0 |     17 |     89 |   2 |   69.5 |
         Sewer |    252 |    252 |      0 |      0 |    176 |   1 |  252.0 |
               +--------+--------+--------+--------+--------+-----+--------+

Top non-repeatable levels by time:
    D:10: 2692 daAuts
    D:11: 2422 daAuts
     D:6: 2144 daAuts
     D:9: 2115 daAuts
     D:4: 1941 daAuts
     D:5: 979 daAuts
     D:3: 967 daAuts
     D:8: 958 daAuts
     D:7: 835 daAuts
     D:1: 660 daAuts
    D:12: 637 daAuts
     D:2: 636 daAuts
   Sewer: 252 daAuts
 Abyss:2: 118 daAuts
 Abyss:1: 21 daAuts
